[Event "GambitGuide"]
[Site "Internet Chess Club"]
[Date "2014.10.30"]
[Round "1"]
[White "JSBach"]
[Black "Wannabet"]
[Result "1-0"]
[ICCResult "Black resigns"]
[WhiteElo "1662"]
[BlackElo "1429"]
[Opening "Vienna: `Frankenstein-Dracula' variation"]
[ECO "C27"]
[NIC "VG.02"]
[Time "16:06:48"]
[TimeControl "120+12"]

1. e4 e5 2. Nc3 Nf6 3. Bc4 Nxe4 4. Qh5 Nd6 5. Bb3 Nc6 6. Nb5 g6 7. Qf3 f5 8.
Qd5 Qe7 9. Nxc7+ Kd8 10. Nxa8 b6 11. Ba4 Bb7 12. Nxb6 axb6 13. Qb3 b5 14.
Nf3 e4 15. Ng1 Nd4 16. Qb4 Bg7 17. Bb3 Nxb3 18. Qxb3 Nc4 19. Qxb5 Ne5 20.
Qxb7 Qc5 21. Qb3 Nc4 22. Qb7 Re8 23. Ne2 Ne5 24. d4 exd3 25. Bg5+ Re7 26.
Qb8+ {Black resigns} 1-0

[Event "GambitGuide"]
[Site "Internet Chess Club"]
[Date "2014.10.30"]
[Round "1"]
[White "JSBach"]
[Black "fishhead"]
[Result "0-1"]
[ICCResult "White checkmated"]
[WhiteElo "1662"]
[BlackElo "1597"]
[Opening "Vienna: `Frankenstein-Dracula' variation"]
[ECO "C27"]
[NIC "VG.02"]
[Time "16:03:56"]
[TimeControl "120+12"]

1. e4 e5 2. Nc3 Nf6 3. Bc4 Nxe4 4. Qh5 Nd6 5. Bb3 Nc6 6. Nb5 g6 7. Qf3 f5 8.
Qd5 Qe7 9. Nxc7+ Kd8 10. Nxa8 b6 11. Ba4 Bb7 12. Nxb6 axb6 13. Qb3 b5 14.
Nf3 bxa4 15. Qxa4 Bg7 16. O-O e4 17. Ne1 Qe6 18. c3 Ke7 19. a3 Ne5 20. b3
Ra8 21. Qb4 Bc6 22. Nc2 Qd5 23. Ne3 Qb5 24. Qxb5 Bxb5 25. Re1 Nd3 26. Nd5+
Kd8 27. Rd1 Bc6 28. Ne3 Nb5 29. a4 Nc7 30. Ba3 d5 31. Bd6 Kd7 32. Ba3 d4 33.
Nc4 Rb8 34. Na5 dxc3 35. Ra2 Bd5 36. dxc3 Bxb3 37. Nxb3 Rxb3 38. c4 Rc3 39.
a5 Rxc4 40. f3 Bd4+ 41. Kf1 Nb5 42. Bf8 Nc3 43. Rc2 Ra4 44. Rxc3 Bxc3 45.
Rb1 Rxa5 46. Rb7+ Ke6 47. Re7+ Kf6 48. fxe4 fxe4 49. Rxe4 g5 50. Ke2 Nf4+
51. Kf3 h5 52. g3 Ne6 53. Bd6 Be5 54. Bb4 Rb5 55. Rc4 g4+ 56. Ke4 Ng5+ 57.
Ke3 Kf5 58. Kf2 Rd5 59. Ke3 Nf3 60. Rc2 Bd4+ 61. Kd3 Rd7 62. Rg2 Bg1+ 63.
Ke2 Bxh2 64. Bc5 Rd5 65. Be3 Re5 66. Rf2 Bxg3 67. Rxf3+ gxf3+ 68. Kxf3 h4
69. Bd4 Rd5 70. Be3 Rd3 71. Ke2 Rb3 72. Bd4 Kg4 73. Kf1 Kf3 74. Bb2 Rxb2 75.
Kg1 Rb1# {White checkmated} 0-1

[Event "GambitGuide"]
[Site "Internet Chess Club"]
[Date "2014.10.30"]
[Round "1"]
[White "JSBach"]
[Black "MacClassic"]
[Result "1-0"]
[ICCResult "Black resigns"]
[WhiteElo "1662"]
[BlackElo "1605"]
[Opening "Vienna: `Frankenstein-Dracula' variation"]
[ECO "C27"]
[NIC "VG.02"]
[Time "16:08:39"]
[TimeControl "120+12"]

1. e4 e5 2. Nc3 Nf6 3. Bc4 Nxe4 4. Qh5 Nd6 5. Bb3 Nc6 6. Nb5 g6 7. Qf3 f5 8.
Qd5 Qe7 9. Nxc7+ Kd8 10. Nxa8 b6 11. Ba4 Bb7 12. Nxb6 axb6 13. Qb3 b5 14.
Nf3 bxa4 15. Qxa4 Bg7 16. d3 h6 17. O-O Kc7 18. Re1 Qf7 19. c4 Ra8 20. Qc2
Nd4 21. Nxd4 exd4 22. Bf4 Kc6 23. Qb3 Re8 24. Bxd6 Kxd6 25. c5+ {Black
resigns} 1-0

[Event "GambitGuide"]
[Site "Internet Chess Club"]
[Date "2014.10.30"]
[Round "1"]
[White "JSBach"]
[Black "MacClassic"]
[Result "1/2-1/2"]
[ICCResult "Game drawn by repetition"]
[WhiteElo "1662"]
[BlackElo "1605"]
[Opening "Vienna: `Frankenstein-Dracula' variation"]
[ECO "C27"]
[NIC "VG.02"]
[Time "16:09:23"]
[TimeControl "120+12"]

1. e4 e5 2. Nc3 Nf6 3. Bc4 Nxe4 4. Qh5 Nd6 5. Bb3 Nc6 6. Nb5 g6 7. Qf3 f5 8.
Qd5 Qe7 9. Nxc7+ Kd8 10. Nxa8 b6 11. Ba4 Bb7 12. Nxb6 axb6 13. Qb3 b5 14.
Nf3 bxa4 15. Qxa4 Ne4 16. Qb3 Kc8 17. d3 Nc5 18. Qb6 Na4 19. Qb3 Nc5 20. Qb6
Na4 21. Qb3 Nc5 22. Qb6 Na4 23. Qb3 Nc5 24. Qb6 Na4 25. Qb3
{Game drawn by repetition}
1/2-1/2

[Event "GambitGuide"]
[Site "Internet Chess Club"]
[Date "2014.10.30"]
[Round "1"]
[White "JSBach"]
[Black "fishhead"]
[Result "1-0"]
[ICCResult "Black resigns"]
[WhiteElo "1662"]
[BlackElo "1597"]
[Opening "Vienna: `Frankenstein-Dracula' variation"]
[ECO "C27"]
[NIC "VG.02"]
[Time "16:09:25"]
[TimeControl "120+12"]

1. e4 e5 2. Nc3 Nf6 3. Bc4 Nxe4 4. Qh5 Nd6 5. Bb3 Nc6 6. Nb5 g6 7. Qf3 f5 8.
Qd5 Qe7 9. Nxc7+ Kd8 10. Nxa8 b6 11. Ba4 Bb7 12. Nxb6 axb6 13. Qb3 b5 14.
Nf3 bxa4 15. Qxa4 Bg7 16. O-O e4 17. Ne1 Qe5 18. c3 Ke7 19. d4 Qb5 20. Qxb5
Nxb5 21. Bf4 d5 22. a4 Nba7 23. f3 Rb8 24. Bxb8 {Black resigns} 1-0

[Event "GambitGuide"]
[Site "Internet Chess Club"]
[Date "2014.10.30"]
[Round "1"]
[White "JSBach"]
[Black "ChristosB"]
[Result "1-0"]
[ICCResult "Black resigns"]
[WhiteElo "1662"]
[BlackElo "1704"]
[Opening "Vienna: `Frankenstein-Dracula' variation"]
[ECO "C27"]
[NIC "VG.02"]
[Time "16:09:18"]
[TimeControl "120+12"]

1. e4 e5 2. Nc3 Nf6 3. Bc4 Nxe4 4. Qh5 Nd6 5. Bb3 Nc6 6. Nb5 g6 7. Qf3 f5 8.
Qd5 Qe7 9. Nxc7+ Kd8 10. Nxa8 b6 11. Ba4 Bb7 12. Nxb6 axb6 13. Qb3 Bg7 14.
Qxb6+ Ke8 15. Ne2 Kf7 16. Bb3+ Kf6 17. Bd5 Rb8 18. Qc5 Nd8 19. Nc3 Ne6 20.
Bxb7 Nxb7 21. Nd5+ Kf7 22. Qxe7+ {Black resigns} 1-0

[Event "GambitGuide"]
[Site "Internet Chess Club"]
[Date "2014.10.30"]
[Round "1"]
[White "JSBach"]
[Black "mikyoo"]
[Result "1-0"]
[ICCResult "Black resigns"]
[WhiteElo "1662"]
[BlackElo "1387"]
[Opening "Vienna: `Frankenstein-Dracula' variation"]
[ECO "C27"]
[NIC "VG.02"]
[Time "16:06:15"]
[TimeControl "120+12"]

1. e4 e5 2. Nc3 Nf6 3. Bc4 Nxe4 4. Qh5 Nd6 5. Bb3 Nc6 6. Nb5 g6 7. Qf3 f5 8.
Qd5 Qe7 9. Nxc7+ Kd8 10. Nxa8 b6 11. Ba4 Bb7 12. Nxb6 axb6 13. Qb3 b5 14.
Nf3 bxa4 15. Qxa4 Bh6 16. O-O e4 17. Nd4 Nxd4 18. Qxd4 Bg7 19. Qc5 Qe5 20.
Qa7 Ke7 21. Re1 Ra8 22. Qe3 Bd5 23. Qh3 Bg8 24. d3 h5 25. Kf1 Rxa2 26. Rxa2
Bxa2 27. f4 Qb5 28. b3 Kf7 29. Ba3 Qa6 30. Bb4 Qb6 31. Ba3 Qa6 32. Bxd6 Qxd6
33. dxe4 Qa6+ 34. Re2 fxe4 35. Qxd7+ Kg8 36. Qe8+ Kh7 37. Qe7 Qf6 38. Qxf6
Bxf6 39. Re1 e3 40. f5 gxf5 41. Rxe3 Bb1 42. c4 Bd4 43. Re7+ Kg6 44. Rd7 Be4
45. Rxd4 {Black resigns} 1-0

[Event "GambitGuide"]
[Site "Internet Chess Club"]
[Date "2014.10.30"]
[Round "1"]
[White "JSBach"]
[Black "Wannabet"]
[Result "1-0"]
[ICCResult "Black resigns"]
[WhiteElo "1662"]
[BlackElo "1429"]
[Opening "Vienna: `Frankenstein-Dracula' variation"]
[ECO "C27"]
[NIC "VG.02"]
[Time "16:08:57"]
[TimeControl "120+12"]

1. e4 e5 2. Nc3 Nf6 3. Bc4 Nxe4 4. Qh5 Nd6 5. Bb3 Nc6 6. Nb5 g6 7. Qf3 f5 8.
Qd5 Qe7 9. Nxc7+ Kd8 10. Nxa8 b6 11. Ba4 Bb7 12. Nxb6 axb6 13. Qb3 b5 14.
Ne2 bxa4 15. Qxa4 Ke8 16. b3 Bg7 17. Bb2 Kf7 18. Qa3 Ra8 19. Qc5 Ra5 20. Qb6
Rb5 21. Qe3 f4 22. Qc3 Nb4 23. a4 Rb6 24. O-O Nd5 25. Qc5 Rc6 26. Qxd5+ Ke8
27. Ba3 {Black resigns} 1-0

[Event "GambitGuide"]
[Site "Internet Chess Club"]
[Date "2014.10.30"]
[Round "1"]
[White "JSBach"]
[Black "fishhead"]
[Result "1-0"]
[ICCResult "Black resigns"]
[WhiteElo "1662"]
[BlackElo "1597"]
[Opening "Vienna: `Frankenstein-Dracula' variation"]
[ECO "C27"]
[NIC "VG.02"]
[Time "16:10:26"]
[TimeControl "120+12"]

1. e4 e5 2. Nc3 Nf6 3. Bc4 Nxe4 4. Qh5 Nd6 5. Bb3 Nc6 6. Nb5 g6 7. Qf3 f5 8.
Qd5 Qe7 9. Nxc7+ Kd8 10. Nxa8 b6 11. Ba4 Bb7 12. Nxb6 axb6 13. Qb3 b5 14.
Nf3 bxa4 15. Qxa4 Bg7 16. O-O e4 17. Ne1 Qe5 18. d3 Ke7 19. Qb3 Rb8 20. c4
Ba6 21. Qa3 Ra8 22. dxe4 fxe4 23. Nc2 Nd4 24. Nxd4 Qxd4 25. Bf4 Ke6 26. Rad1
{Black resigns}
1-0

[Event "GambitGuide"]
[Site "Internet Chess Club"]
[Date "2014.10.30"]
[Round "1"]
[White "JSBach"]
[Black "MikeSno"]
[Result "1-0"]
[ICCResult "Black resigns"]
[WhiteElo "1662"]
[BlackElo "1288"]
[Opening "Vienna: `Frankenstein-Dracula' variation"]
[ECO "C27"]
[NIC "VG.02"]
[Time "16:10:46"]
[TimeControl "120+12"]

1. e4 e5 2. Nc3 Nf6 3. Bc4 Nxe4 4. Qh5 Nd6 5. Bb3 Nc6 6. Nb5 g6 7. Qf3 f5 8.
Qd5 Qe7 9. Nxc7+ Kd8 10. Nxa8 b6 11. Ba4 Bb7 12. Nxb6 axb6 13. Qb3 Kc7 14.
Ne2 Bg7 15. Nc3 Na5 16. Nd5+ Bxd5 17. Qxd5 e4 18. c3 Ndb7 19. b4 Nc6 20. Ba3
Qg5 21. Bxc6 dxc6 22. Qf7+ {Black resigns} 1-0

[Event "GambitGuide"]
[Site "Internet Chess Club"]
[Date "2014.10.30"]
[Round "1"]
[White "JSBach"]
[Black "FischerKing"]
[Result "1-0"]
[ICCResult "Black checkmated"]
[WhiteElo "1662"]
[BlackElo "1739"]
[Opening "Vienna: `Frankenstein-Dracula' variation"]
[ECO "C27"]
[NIC "VG.02"]
[Time "16:08:48"]
[TimeControl "120+12"]

1. e4 e5 2. Nc3 Nf6 3. Bc4 Nxe4 4. Qh5 Nd6 5. Bb3 Nc6 6. Nb5 g6 7. Qf3 f5 8.
Qd5 Qe7 9. Nxc7+ Kd8 10. Nxa8 b6 11. Ba4 Bb7 12. Nxb6 axb6 13. Qb3 b5 14.
Nf3 e4 15. Ng1 bxa4 16. Qxa4 Bg7 17. Ne2 Qe5 18. O-O Ke7 19. Qb3 Rb8 20. Qh3
h5 21. Re1 Kf7 22. d3 exd3 23. Qxd3 Nb4 24. Qa3 Ba6 25. Bf4 Qe4 26. Bxd6
Nxc2 27. Qxa6 Nxa1 28. Bxb8 Nc2 29. Rd1 d5 30. Nf4 d4 31. Qxg6+ Kf8 32. Ne6+
Kg8 33. Qxg7# {Black checkmated} 1-0

[Event "GambitGuide"]
[Site "Internet Chess Club"]
[Date "2014.10.30"]
[Round "1"]
[White "JSBach"]
[Black "Wannabet"]
[Result "1-0"]
[ICCResult "Black resigns"]
[WhiteElo "1662"]
[BlackElo "1429"]
[Opening "Vienna: `Frankenstein-Dracula' variation"]
[ECO "C27"]
[NIC "VG.02"]
[Time "16:11:31"]
[TimeControl "120+12"]

1. e4 e5 2. Nc3 Nf6 3. Bc4 Nxe4 4. Qh5 Nd6 5. Bb3 Nc6 6. Nb5 g6 7. Qf3 f5 8.
Qd5 Qe7 9. Nxc7+ Kd8 10. Nxa8 b6 11. Ba4 Bb7 12. Nxb6 axb6 13. Qb3 b5 14.
Nf3 Ba6 15. Kd1 bxa4 16. Qb6+ Ke8 17. Qxa6 e4 18. Re1 Kf7 19. d3 Bg7 20.
Ng5+ Kf6 21. Qxa4 h6 22. dxe4 hxg5 23. exf5 Qf7 24. Qg4 Bh6 25. f4 gxf5 26.
fxg5+ {Black resigns} 1-0

[Event "GambitGuide"]
[Site "Internet Chess Club"]
[Date "2014.10.30"]
[Round "1"]
[White "JSBach"]
[Black "mikyoo"]
[Result "1-0"]
[ICCResult "Black checkmated"]
[WhiteElo "1662"]
[BlackElo "1387"]
[Opening "Vienna: `Frankenstein-Dracula' variation"]
[ECO "C27"]
[NIC "VG.02"]
[Time "16:11:13"]
[TimeControl "120+12"]

1. e4 e5 2. Nc3 Nf6 3. Bc4 Nxe4 4. Qh5 Nd6 5. Bb3 Nc6 6. Nb5 g6 7. Qf3 f5 8.
Qd5 Qe7 9. Nxc7+ Kd8 10. Nxa8 b6 11. Ba4 Bb7 12. Nxb6 axb6 13. Qb3 b5 14.
Nf3 bxa4 15. Qxa4 Bg7 16. d3 Qe6 17. Ng5 Qf6 18. O-O Bh6 19. Qh4 Bg7 20. f4
e4 21. Re1 exd3 22. cxd3 Qd4+ 23. Be3 Qxb2 24. Nf7+ Kc7 25. Nxh8 Bxh8 26.
Rab1 Qc3 27. Rec1 Qxd3 28. Bb6+ Kc8 29. Qd8# {Black checkmated} 1-0

[Event "GambitGuide"]
[Site "Internet Chess Club"]
[Date "2014.10.30"]
[Round "1"]
[White "JSBach"]
[Black "bendk"]
[Result "1-0"]
[ICCResult "Black checkmated"]
[WhiteElo "1662"]
[BlackElo "1400"]
[Opening "Vienna: `Frankenstein-Dracula' variation"]
[ECO "C27"]
[NIC "VG.02"]
[Time "16:12:19"]
[TimeControl "120+12"]

1. e4 e5 2. Nc3 Nf6 3. Bc4 Nxe4 4. Qh5 Nd6 5. Bb3 Nc6 6. Nb5 g6 7. Qf3 f5 8.
Qd5 Qe7 9. Nxc7+ Kd8 10. Nxa8 b6 11. Ba4 Bb7 12. Nxb6 axb6 13. Qb3 Kc7 14.
Ne2 Bh6 15. d3 Bxc1 16. Rxc1 Ra8 17. O-O e4 18. Rfe1 e3 19. c4 exf2+ 20.
Kxf2 Qh4+ 21. Kg1 Nd4 22. Nxd4 Qxd4+ 23. Kh1 Qg4 24. Rc2 f4 25. c5 Nf5 26.
Qxb6+ Kc8 27. Re8# {Black checkmated} 1-0

[Event "GambitGuide"]
[Site "Internet Chess Club"]
[Date "2014.10.30"]
[Round "1"]
[White "JSBach"]
[Black "fishhead"]
[Result "1-0"]
[ICCResult "Black resigns"]
[WhiteElo "1662"]
[BlackElo "1597"]
[Opening "Vienna: `Frankenstein-Dracula' variation"]
[ECO "C27"]
[NIC "VG.02"]
[Time "16:11:43"]
[TimeControl "120+12"]

1. e4 e5 2. Nc3 Nf6 3. Bc4 Nxe4 4. Qh5 Nd6 5. Bb3 Nc6 6. Nb5 g6 7. Qf3 f5 8.
Qd5 Qe7 9. Nxc7+ Kd8 10. Nxa8 b6 11. Ba4 Bb7 12. Nxb6 axb6 13. Qb3 b5 14.
Nf3 bxa4 15. Qxa4 Bg7 16. O-O Ne4 17. Qb5 Kc7 18. d3 Nd6 19. Qc5 Nf7 20. Qc4
d6 21. Re1 Rc8 22. Bf4 Kd8 23. Qb5 Qc7 24. Bd2 Rb8 25. a4 Bc8 26. Qc4 Ke7
27. Nd4 Bd7 28. Nb5 Qb6 29. Qh4+ Ke6 30. Be3 Qa5 31. Qxh7 Kf6 32. Qh4+ g5
33. Qh5 f4 34. Qf3 Nb4 35. Bd2 Bxb5 36. axb5 Qxb5 37. c4 Qc5 38. Re2 Qd4 39.
Bxb4 Rxb4 40. Ra2 Rb3 41. Rd2 Kf5 42. Qd1 g4 43. Qxb3 {Black resigns} 1-0

[Event "GambitGuide"]
[Site "Internet Chess Club"]
[Date "2014.10.30"]
[Round "1"]
[White "JSBach"]
[Black "fishhead"]
[Result "1-0"]
[ICCResult "Black resigns"]
[WhiteElo "1662"]
[BlackElo "1597"]
[Opening "Vienna: `Frankenstein-Dracula' variation"]
[ECO "C27"]
[NIC "VG.02"]
[Time "16:14:39"]
[TimeControl "120+12"]

1. e4 e5 2. Nc3 Nf6 3. Bc4 Nxe4 4. Qh5 Nd6 5. Bb3 Nc6 6. Nb5 g6 7. Qf3 f5 8.
Qd5 Qe7 9. Nxc7+ Kd8 10. Nxa8 b6 11. Ba4 Bb7 12. Nxb6 axb6 13. Qb3 b5 14.
Ne2 bxa4 15. Qxa4 Qe6 16. d3 f4 17. O-O Nf5 18. Re1 Bc5 19. Nxf4 Qd6 20. Qb3
Na5 21. Qb5 {Black resigns} 1-0

[Event "GambitGuide"]
[Site "Internet Chess Club"]
[Date "2014.10.30"]
[Round "1"]
[White "JSBach"]
[Black "fishhead"]
[Result "1-0"]
[ICCResult "Black resigns"]
[WhiteElo "1662"]
[BlackElo "1597"]
[Opening "Vienna: `Frankenstein-Dracula' variation"]
[ECO "C27"]
[NIC "VG.02"]
[Time "16:15:35"]
[TimeControl "120+12"]

1. e4 e5 2. Nc3 Nf6 3. Bc4 Nxe4 4. Qh5 Nd6 5. Bb3 Nc6 6. Nb5 g6 7. Qf3 f5 8.
Qd5 Qe7 9. Nxc7+ Kd8 10. Nxa8 b6 11. Ba4 Bb7 12. Nxb6 axb6 13. Qb3 b5 14. d3
bxa4 15. Qxa4 Bg7 16. Nf3 Qe6 17. Ng5 Qd5 18. O-O h6 19. Nf3 Ke7 20. Re1 Kf7
21. Qh4 Bf6 22. Qh3 Kg7 23. Bd2 Rb8 24. Qxh6+ {Black resigns} 1-0

[Event "GambitGuide"]
[Site "Internet Chess Club"]
[Date "2014.10.30"]
[Round "1"]
[White "JSBach"]
[Black "baravykas"]
[Result "1-0"]
[ICCResult "Black resigns"]
[WhiteElo "1662"]
[BlackElo "1536"]
[Opening "Vienna: `Frankenstein-Dracula' variation"]
[ECO "C27"]
[NIC "VG.02"]
[Time "16:15:49"]
[TimeControl "120+12"]

1. e4 e5 2. Nc3 Nf6 3. Bc4 Nxe4 4. Qh5 Nd6 5. Bb3 Nc6 6. Nb5 g6 7. Qf3 f5 8.
Qd5 Qe7 9. Nxc7+ Kd8 10. Nxa8 b6 11. Ba4 Bb7 12. Nxb6 axb6 13. Qb3 Ne4 14.
Qxb6+ Ke8 15. Qxb7 Kf7 16. Bxc6 dxc6 17. Qxc6 {Black resigns} 1-0

[Event "GambitGuide"]
[Site "Internet Chess Club"]
[Date "2014.10.30"]
[Round "1"]
[White "JSBach"]
[Black "mikyoo"]
[Result "1-0"]
[ICCResult "Black resigns"]
[WhiteElo "1662"]
[BlackElo "1387"]
[Opening "Vienna: `Frankenstein-Dracula' variation"]
[ECO "C27"]
[NIC "VG.02"]
[Time "16:14:35"]
[TimeControl "120+12"]

1. e4 e5 2. Nc3 Nf6 3. Bc4 Nxe4 4. Qh5 Nd6 5. Bb3 Nc6 6. Nb5 g6 7. Qf3 f5 8.
Qd5 Qe7 9. Nxc7+ Kd8 10. Nxa8 b6 11. Ba4 Bb7 12. Nxb6 axb6 13. Qb3 b5 14.
Nf3 bxa4 15. Qxa4 Kc7 16. O-O Bg7 17. Re1 Ra8 18. Qb3 Na5 19. Qc3+ Kb8 20.
d4 Nb5 21. Qd3 Nxd4 22. Qxd4 Bxf3 23. gxf3 exd4 24. Rxe7 Bf6 25. Rxd7 Ra7
26. Bf4+ Kc8 27. Rxa7 {Black resigns} 1-0

[Event "GambitGuide"]
[Site "Internet Chess Club"]
[Date "2014.10.30"]
[Round "1"]
[White "JSBach"]
[Black "dkostove"]
[Result "1-0"]
[ICCResult "Black resigns"]
[WhiteElo "1662"]
[BlackElo "1871"]
[Opening "Vienna: `Frankenstein-Dracula' variation"]
[ECO "C27"]
[NIC "VG.02"]
[Time "16:16:16"]
[TimeControl "120+12"]

1. e4 e5 2. Nc3 Nf6 3. Bc4 Nxe4 4. Qh5 Nd6 5. Bb3 Nc6 6. Nb5 g6 7. Qf3 f5 8.
Qd5 Qe7 9. Nxc7+ Kd8 10. Nxa8 b6 11. Ba4 Bb7 12. Nxb6 axb6 13. Qb3 Kc7 14.
Ne2 Ne4 15. d3 Nc5 16. Qa3 Nxa4 17. Qxa4 Qc5 18. Nc3 Nd4 19. f3 e4 20. Qxd4
Qxd4 21. Nb5+ {Black resigns} 1-0

[Event "GambitGuide"]
[Site "Internet Chess Club"]
[Date "2014.10.30"]
[Round "1"]
[White "JSBach"]
[Black "dkostove"]
[Result "1-0"]
[ICCResult "Black resigns"]
[WhiteElo "1662"]
[BlackElo "1871"]
[Opening "Vienna: `Frankenstein-Dracula' variation"]
[ECO "C27"]
[NIC "VG.02"]
[Time "16:17:12"]
[TimeControl "120+12"]

1. e4 e5 2. Nc3 Nf6 3. Bc4 Nxe4 4. Qh5 Nd6 5. Bb3 Nc6 6. Nb5 g6 7. Qf3 f5 8.
Qd5 Qe7 9. Nxc7+ Kd8 10. Nxa8 b6 11. Ba4 Bb7 12. Nxb6 axb6 13. Qb3 Kc7 14.
Ne2 e4 15. Qd5 Bg7 16. Qb3 Rf8 17. O-O f4 18. Nc3 f3 19. Nd5+ Kb8 20. Nxe7
fxg2 21. Nxc6+ dxc6 22. Kxg2 c5 23. Qxb6 e3+ 24. Bc6 {Black resigns} 1-0

[Event "GambitGuide"]
[Site "Internet Chess Club"]
[Date "2014.10.30"]
[Round "1"]
[White "JSBach"]
[Black "Wannabet"]
[Result "1-0"]
[ICCResult "Black resigns"]
[WhiteElo "1662"]
[BlackElo "1429"]
[Opening "Vienna: `Frankenstein-Dracula' variation"]
[ECO "C27"]
[NIC "VG.02"]
[Time "16:13:47"]
[TimeControl "120+12"]

1. e4 e5 2. Nc3 Nf6 3. Bc4 Nxe4 4. Qh5 Nd6 5. Bb3 Nc6 6. Nb5 g6 7. Qf3 f5 8.
Qd5 Qe7 9. Nxc7+ Kd8 10. Nxa8 b6 11. Ba4 Bb7 12. Nxb6 axb6 13. Qb3 b5 14.
Nf3 Ba6 15. Kd1 e4 16. Re1 Qf6 17. c4 Nxc4 18. Bxb5 Bxb5 19. Qxb5 Nd6 20.
Qb6+ Ke8 21. d4 Nc8 22. Bg5 Qe6 23. Qa6 N8e7 24. Bxe7 Kxe7 25. h4 Bg7 26.
Ng5 Qd6 27. Qc4 Qf6 28. f3 Nxd4 29. fxe4 Kd8 30. Nf7+ Ke8 31. Nxh8 Bxh8 32.
Qg8+ Ke7 33. exf5+ Kd6 34. fxg6 hxg6 35. Rc1 Ne6 36. Rc2 Bg7 37. Qe8 Qxh4
38. Qxg6 Qd4+ 39. Rd2 {Black resigns} 1-0

[Event "GambitGuide"]
[Site "Internet Chess Club"]
[Date "2014.10.30"]
[Round "1"]
[White "JSBach"]
[Black "dkostove"]
[Result "1-0"]
[ICCResult "Black resigns"]
[WhiteElo "1662"]
[BlackElo "1871"]
[Opening "Vienna: `Frankenstein-Dracula' variation"]
[ECO "C27"]
[NIC "VG.02"]
[Time "16:18:10"]
[TimeControl "120+12"]

1. e4 e5 2. Nc3 Nf6 3. Bc4 Nxe4 4. Qh5 Nd6 5. Bb3 Nc6 6. Nb5 g6 7. Qf3 f5 8.
Qd5 Qe7 9. Nxc7+ Kd8 10. Nxa8 b6 11. Ba4 Bb7 12. Nxb6 axb6 13. Qb3 Kc7 14.
Ne2 e4 15. Qd5 Bg7 16. Qb3 Be5 17. Nc3 Bxc3 18. Qxc3 Rf8 19. Qe3 f4 20. Qc3
e3 21. dxe3 fxe3 22. Qxe3 Qf6 23. O-O Re8 24. Qf4 Qg7 25. Bxc6 Bxc6 26. Rd1
Qe7 27. Be3 {Black resigns} 1-0

[Event "GambitGuide"]
[Site "Internet Chess Club"]
[Date "2014.10.30"]
[Round "1"]
[White "JSBach"]
[Black "mikyoo"]
[Result "1-0"]
[ICCResult "Black resigns"]
[WhiteElo "1662"]
[BlackElo "1387"]
[Opening "Vienna: `Frankenstein-Dracula' variation"]
[ECO "C27"]
[NIC "VG.02"]
[Time "16:17:05"]
[TimeControl "120+12"]

1. e4 e5 2. Nc3 Nf6 3. Bc4 Nxe4 4. Qh5 Nd6 5. Bb3 Nc6 6. Nb5 g6 7. Qf3 f5 8.
Qd5 Qe7 9. Nxc7+ Kd8 10. Nxa8 b6 11. Ba4 Bb7 12. Nxb6 axb6 13. Qb3 Nd4 14.
Qxb6+ Ke8 15. Kf1 Kf7 16. c3 Nc6 17. d4 exd4 18. Bf4 Bg7 19. Bxd6 Qxd6 20.
Qxb7 Rb8 21. Qa6 Rxb2 22. Bb3+ Kf6 23. Rd1 Qf4 24. Ne2 Kg5 25. Nxf4
{Black resigns}
1-0

[Event "GambitGuide"]
[Site "Internet Chess Club"]
[Date "2014.10.30"]
[Round "1"]
[White "JSBach"]
[Black "FischerKing"]
[Result "0-1"]
[ICCResult "White checkmated"]
[WhiteElo "1662"]
[BlackElo "1739"]
[Opening "Vienna: `Frankenstein-Dracula' variation"]
[ECO "C27"]
[NIC "VG.02"]
[Time "16:16:47"]
[TimeControl "120+12"]

1. e4 e5 2. Nc3 Nf6 3. Bc4 Nxe4 4. Qh5 Nd6 5. Bb3 Nc6 6. Nb5 g6 7. Qf3 f5 8.
Qd5 Qe7 9. Nxc7+ Kd8 10. Nxa8 b6 11. Ba4 Bb7 12. Nxb6 axb6 13. Qb3 b5 14.
Nf3 bxa4 15. Qxa4 Nd4 16. Nxd4 exd4+ 17. Kf1 Qe4 18. f3 Qd5 19. Kf2 Bh6 20.
Re1 Re8 21. Qa7 Rxe1 22. Kxe1 Qe5+ 23. Kf1 Qxh2 24. Qxd4 Ba6+ 25. d3 Bxc1
26. Qf6+ Kc7 27. Qc3+ Kb8 28. Qb4+ Bb7 29. Rxc1 Qh1+ 30. Ke2 Qxc1 31. Qxd6+
Ka7 32. Qc5+ Ka8 33. Qf8+ Ka7 34. Qc5+ Kb8 35. Qd6+ Kc8 36. Qf8+ Kc7 37.
Qc5+ Bc6 38. b4 Qa3 39. Qa5+ Qxa5 40. bxa5 Kb7 41. g4 fxg4 42. fxg4 h5 43.
gxh5 gxh5 44. a4 h4 45. Kf2 h3 46. Kg3 Bg2 47. Kh2 Ka6 48. c4 Kxa5 49. d4
Kxa4 50. Kg3 Kb4 51. c5 Kc4 52. d5 Kxc5 53. d6 Kxd6 54. Kh2 Ke5 55. Kg1 Kf4
56. Kh2 d5 57. Kg1 Ke3 58. Kh2 d4 59. Kg3 d3 60. Kh2 d2 61. Kg3 d1=Q 62. Kh2
Qd6+ 63. Kg1 Bf1 64. Kh1 Qd2 65. Kg1 Qg2# {White checkmated} 0-1

[Event "GambitGuide"]
[Site "Internet Chess Club"]
[Date "2014.10.30"]
[Round "1"]
[White "JSBach"]
[Black "dkostove"]
[Result "1-0"]
[ICCResult "Black resigns"]
[WhiteElo "1662"]
[BlackElo "1871"]
[Opening "Vienna: `Frankenstein-Dracula' variation"]
[ECO "C27"]
[NIC "VG.02"]
[Time "16:19:30"]
[TimeControl "120+12"]

1. e4 e5 2. Nc3 Nf6 3. Bc4 Nxe4 4. Qh5 Nd6 5. Bb3 Nc6 6. Nb5 g6 7. Qf3 f5 8.
Qd5 Qe7 9. Nxc7+ Kd8 10. Nxa8 b6 11. Ba4 Bb7 12. Nxb6 axb6 13. Qb3 Bg7 14.
Qxb6+ Kc8 15. b3 e4 16. c3 Ne5 17. Kf1 Nd3 18. Ba3 Be5 19. Ne2 f4 20. Nc1 f3
21. gxf3 Nxc1 22. Rxc1 exf3 23. Bxd7+ Kxd7 24. Bxd6 Be4 25. Qc7+ {Black
resigns} 1-0

[Event "GambitGuide"]
[Site "Internet Chess Club"]
[Date "2014.10.30"]
[Round "1"]
[White "JSBach"]
[Black "dkostove"]
[Result "0-1"]
[ICCResult "White checkmated"]
[WhiteElo "1662"]
[BlackElo "1871"]
[Opening "Vienna: `Frankenstein-Dracula' variation"]
[ECO "C27"]
[NIC "VG.02"]
[Time "16:20:56"]
[TimeControl "120+12"]

1. e4 e5 2. Nc3 Nf6 3. Bc4 Nxe4 4. Qh5 Nd6 5. Bb3 Nc6 6. Nb5 g6 7. Qf3 f5 8.
Qd5 Qe7 9. Nxc7+ Kd8 10. Nxa8 b6 11. Ba4 Bb7 12. Nxb6 axb6 13. Qb3 Kc7 14.
Ne2 e4 15. Qd5 Bg7 16. Qb3 Rf8 17. Nf4 Na5 18. Nd5+ Bxd5 19. Qxd5 f4 20. a3
f3 21. g3 Nac4 22. Rb1 Ne5 23. Ra1 Nd3+ 24. cxd3 exd3+ 25. Qe5 Qxe5+ 26. Kf1
Qe2+ 27. Kg1 Qe1# {White checkmated} 0-1

[Event "GambitGuide"]
[Site "Internet Chess Club"]
[Date "2014.10.30"]
[Round "1"]
[White "JSBach"]
[Black "BlitzRunner"]
[Result "1-0"]
[ICCResult "Black resigns"]
[WhiteElo "1662"]
[BlackElo "1904"]
[Opening "Vienna: `Frankenstein-Dracula' variation"]
[ECO "C27"]
[NIC "VG.02"]
[Time "16:21:06"]
[TimeControl "120+12"]

1. e4 e5 2. Nc3 Nf6 3. Bc4 Nxe4 4. Qh5 Nd6 5. Bb3 Nc6 6. Nb5 g6 7. Qf3 f5 8.
Qd5 Qe7 9. Nxc7+ Kd8 10. Nxa8 b6 11. Ba4 Bb7 12. Nxb6 axb6 13. Qb3 Kc7 14.
Ne2 b5 15. Bxb5 Nxb5 16. Qxb5 Qc5 17. Qxc5 Bxc5 18. a4 Nb4 19. O-O Nxc2 20.
Rb1 Bb4 21. b3 Ba6 22. Bb2 d6 23. Rfc1 Bd3 24. Nf4 exf4 25. Bxh8 Bxd2 26.
Rd1 Nb4 27. Rb2 {Black resigns} 1-0